Selects Airborne Battlegroup
Selects Airborne Battlegroup
Selects Heavy Machine Gun Paradrop
Heavy Machine Gun Paradrop
Heavy Machine Gun Paradrop
Construct Weapon Support Center
Selects Paratrooper Squad Paradrop
Paratrooper Squad Paradrop
Paratrooper Squad Paradrop
Paratrooper Squad Paradrop
Selects Paradrop Reinforcements
M4(105) Sherman Bulldozer
M4(105) Sherman Bulldozer
M4(105) Sherman Bulldozer
M4(105) Sherman Bulldozer